 Dungeon Crawl Stone Soup version 0.27-a0-1196-g3e9cee4cb2 (webtiles) character file.

Game seed: 618478405491807938

970 funkygono the Magician (level 8, -4/52 HPs)
             Began as a Djinni Fire Elementalist on May 29, 2021.
             Was an Initiate of Ashenzari.
             Slain by Pikel
             ... wielding a +0 whip of electrocution
              (12 damage)
             ... on level 6 of the Dungeon.
             The game lasted 00:12:07 (7101 turns).

funkygono the Magician (Djinni Fire Elementalist)   Turns: 7101, Time: 00:12:07

Health: -4/52      AC:  7    Str:  8    XL:     8   Next: 38%
Gold:   207        EV: 14    Int: 18    God:    Ashenzari [......] SH:  0 Dex: 14

rFire    + + .     SeeInvis .   b - +3 dagger
rCold    x . .     Faith    .   (no shield)
rNeg     + + .     Spirit   .   r - +1 ring mail of the Loofah {rC+}
rPois    ∞         Reflect  .   (no helmet)
rElec    .         Harm     .   q - +0 cloak
rCorr    .         Rampage  .   (no gloves)
Will     .....                  (boots unavailable)
Stlth    ++........             (no amulet)
HPRegen  0.17/turn              o - ring of Jocakk {rPois rC- rN++ EV+4}
MPRegen  0.00/turn              (no ring)

@: flying, studying Shields
A: sickness immunity, fire resistance 2, cold vulnerability 1, float, innate
caster, hp casting, extra vitality 1
a: Renounce Religion, Curse Item


You were on level 6 of the Dungeon.
You worshipped Ashenzari.
Ashenzari was noncommittal.
You visited 2 branches of the dungeon, and saw 7 of its levels.

You collected 207 gold pieces.

Inventory:

Hand Weapons
 b - a +3 dagger (weapon)
 d - a +1 whip
 p - a +0 long sword
Missiles
 e - 112 stones
Armour
 a - a +0 robe
 j - a +0 ring mail
 q - a +0 cloak (worn)
 r - the +1 ring mail of the Loofah (worn) {rC+}
   (You found it on level 5 of the Dungeon)

   It protects you from cold.
Jewellery
 o - the ring of Jocakk (left hand) {rPois rC- rN++ EV+4}
   (You found it on level 5 of the Dungeon)

   [ring of evasion]

   It affects your evasion (+4).
   It makes you vulnerable to cold.
   It protects you from poison.
   It greatly protects you from negative energy.
Wands
 f - a wand of paralysis (9)
 m - a wand of flame (12)
Scrolls
 i - a scroll of teleportation
 l - a scroll of blinking
 n - a scroll of magic mapping
Potions
 c - a potion of might
 g - a potion of curing
 h - a potion of brilliance
 k - 2 potions of attraction
 s - a potion of haste


   Skills:
 + Level 1.1 Fighting
 * Level 1.1 Armour
 + Level 3.2 Dodging
 + Level 3.1 Stealth
 * Level 6.6 Spellcasting


You couldn't memorise any spells.
You knew the following spells:

 Your Spells              Type           Power      Damage    Failure   Level
a - Foxfire               Conj/Fire      100%       2x1d9     2%          1
b - Conjure Flame         Conj/Fire      29%        6-21      7%          3
c - Inner Flame           Hex/Fire       29%        N/A       7%          3
d - Sticky Flame          Conj/Fire      29%        2d5       22%         4
e - Fireball              Conj/Fire      14%        3d8       52%         5
f - Freeze                Ice            100%       1d11      2%          1
g - Slow                  Hex            29%        N/A       3%          2
h - Call Imp              Summ           29%        N/A       3%          2
Your spell library was empty.

Dungeon Overview and Level Annotations

Branches:
Dungeon (6/15)             Temple (1/1) D:4

Altars:
Ashenzari
Cheibriados
Dithmenos
Gozag
Hepliaklqana
Kikubaaqudgha
Okawaru
Ru
Uskayaw
Vehumet
Wu Jian
Xom
Zin
The Shining One

Annotations:
D:6 Pikel


Innate Abilities, Weirdness & Mutations

You are immune to sickness and miasma.
You are immune to poison.
Your flesh is very heat resistant. (rF++)
You are vulnerable to cold. (rC-)
You float through the air rather than walking.
You learn spells naturally, not from books.
Your magical power is your life essence.
You have superior vitality. (+4 HP)


Message History

There is a stone staircase leading down here.
You start resting.
HP restored.
You fly downwards.
Level annotation: Pikel
There is a stone staircase leading up here.
There are monsters nearby!
Casting: Conjure Flame (dangerous; 7% risk of failure)
Confirm with . or Enter, or press ? or * to list all spells.
You conjure some foxfire!
Pikel says, "You'll make a fine lemure."
Pikel hits you with a +0 whip of electrocution!
Casting: Foxfire (safe; 2% risk of failure)
Confirm with . or Enter, or press ? or * to list all spells.
The spell is quite dangerous to cast (22% risk of failure)!
Continue anyway?
Aiming: Sticky Flame (quite dangerous; 22% risk of failure)
Press: ? - help, Shift-Dir - straight line, f - Pikel
Aim: Pikel, wielding a +0 whip of electrocution and wearing a +0 robe (ally target, 100% to hit)
The sticky flame hits Pikel!
Pikel is moderately wounded.
Pikel is covered in liquid flames!
Pikel burns!
The foxfire hits Pikel but does no damage.
Pikel is moderately wounded.
The foxfire hits Pikel.
Pikel is heavily wounded.
Pikel hits you but does no damage.
Pikel burns!
Pikel closely misses you.
Pikel burns!
There is a stone staircase leading up here.
You hit Pikel.
Pikel is severely wounded.
Pikel burns!
Pikel hits you with a +0 whip of electrocution!
You are electrocuted!!
* * * LOW HITPOINT WARNING * * *
Pikel burns!
Pikel hits you with a +0 whip of electrocution.
* * * LOW HITPOINT WARNING * * *
You are electrocuted!
You die...

...#.# #...######.#####..?.#
...#.####..5######.# #....#
...........K.......# ###....####
.....#################.........#
##...#..........<#...#.........#
.#...#.###########.#.K.........#
.#...#.......#.....##.##.......#
..[..#.).....#.###.#8.8#.......#
#....#.......#.#@#..5..........#
.....#.......#.#K#.#8.8#.......#
....##.........5..##.##.......#
....##...............# #######
######.........## #........##
#........# #........# #.#.######


You could see Pikel (burning) and a lemure.

Vanquished Creatures
  Sigmund (D:6)
  An ogre (D:5)
  A centaur (D:6)
  A lemure (D:6)
  Blork the orc (D:5)
  3 hounds (D:5)
  A jelly (D:4)
  5 orc priests
  2 bullfrog skeletons (D:5)
  A scorpion zombie (D:5)
  3 orc wizards
  A hound zombie (D:5)
  4 gnolls (D:5)
  2 adders
  A shadow imp (D:5)
  2 ufetubi
  An adder skeleton (D:4)
  2 worms (D:3)
  A dart slug (D:4)
  9 orcs
  7 ball pythons
  5 endoplasms
  2 goblins (D:1)
  4 hobgoblins
  4 jackals (D:4)
  2 kobolds
  5 quokkas
  3 bats
  2 frilled lizards
  2 rats
79 creatures vanquished.

Vanquished Creatures (collateral kills)
  3 foxfires
3 creatures vanquished.

Vanquished Creatures (others)
  321 foxfires
  11 plants
332 creatures vanquished.

Grand Total: 414 creatures vanquished

Notes
Turn   | Place    | Note
-------+----------+-------------------------------------------
     0 | D:1      | funkygono the Djinni Fire Elementalist began the quest for
                  | the Orb.
     0 | D:1      | Reached XP level 1. HP: 15/15 MP: 0/0
   129 | D:1      | Reached XP level 2. HP: 18/21 MP: 0/0
   626 | D:1      | Reached skill level 3 in Spellcasting
   763 | D:1      | Reached XP level 3. HP: 24/25 MP: 0/0
   763 | D:1      | Learned a level 1 spell: Freeze
  2578 | D:3      | Reached XP level 4. HP: 28/31 MP: 0/0
  2916 | D:3      | Found a faded altar of an unknown god.
  3788 | D:4      | Reached XP level 5. HP: 31/35 MP: 0/0
  3788 | D:4      | Learned a level 2 spell: Slow
  3791 | D:4      | Reached skill level 4 in Spellcasting
  4096 | D:4      | Found a staircase to the Ecumenical Temple.
  4110 | Temple   | Entered the Ecumenical Temple
  4224 | Temple   | Became a worshipper of Ashenzari the Shackled
  4676 | D:5      | Entered Level 5 of the Dungeon
  4950 | D:5      | Reached XP level 6. HP: 35/40 MP: 0/0
  5300 | D:5      | Identified the ring of Jocakk {rPois rC- rN++ EV+4}
  5308 | D:5      | Noticed Blork the orc
  5313 | D:5      | Noticed an ogre
  5322 | D:5      | Killed Blork the orc
  5627 | D:5      | Identified a scroll of acquirement
  5642 | D:5      | Reached skill level 5 in Spellcasting
  5649 | D:5      | Reached XP level 7. HP: 37/46 MP: 0/0
  5649 | D:5      | Learned a level 2 spell: Call Imp
  5891 | D:5      | Reached skill level 1 in Fighting
  6099 | D:5      | Identified the +1 ring mail of the Loofah {rC+}
  6469 | D:5      | Acquired a manual of Shields
  6500 | D:6      | Reached skill level 6 in Spellcasting
  6617 | D:6      | Reached XP level 8. HP: 50/52 MP: 0/0
  6626 | D:6      | Noticed Sigmund
  6634 | D:6      | Killed Sigmund
  6787 | D:6      | Reached skill level 1 in Armour
  6794 | D:6      | Noticed Pikel
  7101 | D:6      | Slain by Pikel

Illustrated notes

Levels and vault maps discovered:
D:1:      shiori_shiawase, layout_loops_ring, serial_forest,
          infiniplex_forest_lined_corner, infiniplex_forest_diagonal,
          infiniplex_forest_clump_long, infiniplex_forest_clump_small,
          infiniplex_forest_clump_curved, infiniplex_forest_end_double,
          minivault_27
D:2:      layout_loops_corners
D:3:      layout_basic, chequers_ecumenical_altar_simple_redux, serial_bayou,
          serial_bayou_pond_a, serial_bayou_shore_a, serial_bayou_lagoon_a,
          serial_bayou_pond_a
D:4:      layout_basic, minmay_temple_entry_statues, serial_bayou_crossing
D:5:      layout_cave_pools, kennysheep_generic_room_7, uniq_blork_the_orc
D:6:      layout_basic, old_standard_altar, general_overflow_altar,
          kennysheep_mini, small_statue_intersection,
          ebering_dispersal_statue_hall, uniq_pikel, uniq_sigmund
Temple:   eino_temple_water

Skill      XL: |  1  2  3  4  5  6  7  8 |
---------------+-------------------------+-----
Spellcasting   | 3 4 5 6 |  6.6
Stealth        | 2 3 |  3.1
Fighting       | 1 |  1.1
Dodging        | 3 |  3.2
Armour         | 1 |  1.1

Action                   |  1- 3 |  4- 6 |  7- 9 || total
-------------------------+-------+-------+-------++-------
Melee: Unarmed           |     1 |       |       ||     1
       Whip              |     3 |     8 |       ||    11
       Dagger            |       |       |     5 ||     5
 Cast: Foxfire           |    46 |    67 |    77 ||   190
       Sticky Flame      |       |     3 |     1 ||     4
       Slow              |       |     1 |       ||     1
       Conjure Flame     |       |     1 |     3 ||     4
       Call Imp          |       |       |     2 ||     2
  Use: Scroll            |     4 |     3 |     1 ||     8
       Potion            |       |       |     1 ||     1
Armor: Robe              |     3 |     9 |       ||    12
       Ring mail         |       |       |     2 ||     2
Dodge: Dodged            |     9 |    11 |    11 ||    31

Table legend: (Time is in decaauts)
 A = Elapsed time spent in this place.
 B = Non-inter-level travel time spent in this place.
 C = Inter-level travel time spent in this place.
 D = Time resting spent in this place.
 E = Time spent auto-exploring this place.
 F = Levels seen in this place.
 G = Mean time per level.
                   A        B        C        D        E       F      G
               +--------+--------+--------+--------+--------+-----+--------+
         Total |   7103 |   6912 |    191 |    810 |   5157 |   7 | 1014.7 |
       Dungeon |   6634 |   6471 |    163 |    810 |   4724 |   6 | 1105.7 |
        Temple |    468 |    440 |     28 |      0 |    433 |   1 |  468.0 |
               +--------+--------+--------+--------+--------+-----+--------+

Top non-repeatable levels by time:
     D:4: 1737 daAuts
     D:5: 1247 daAuts
     D:3: 1247 daAuts
     D:1: 1084 daAuts
     D:2: 905 daAuts
  Temple: 468 daAuts
     D:6: 413 daAuts
